 Dungeon Crawl Stone Soup version 0.02-186-g9265d40 (webtiles) character file.

Game seed: 3540324825006597040, levelgen mode: deterministic

291 Kalegnar the Twirler (level 6, -4/45 HPs) Lignifite Berserker. Began on Oct 21, 2020. Was a Believer of Trog. Slain by a water moccasin (6 damage) ... on level 2 of the Dungeon. The game lasted 00:08:00 (1484 turns).

Kalegnar the Twirler (Lignifite Berserker)          Turns: 1484, Time: 00:08:01

Health: -4/45      AC:  1    Str: 24    XL:     6 ^: 317
Magic:  7/7        EV: 17    Int:  9    God:    Trog [2* [67]]
Gold:   78         SH:  3    Dex: 12    Spells: 5/5 levels left

rFire    x . .     Vision   .   a - +0 mace
rCold    . . .     Gourm    .   (weapon restricted)
rNeg     . . .     Faith    .   b - +0 animal skin
rPois    +         Spirit   .   (helmet restricted)
rElec    .         Reflect  .   (no cloak)
rCorr    .         Harm     .   (gloves unavailable)
MR       .....     Rnd*Rage +   (boots unavailable)
Stlth    +.........             d - amulet of chaos
HPRegen  0.25/turn              k - ring of dexterity (curse) {(Curse: *Drain)}
MPRegen  0.17/turn              (no ring)

@: berserk cooldown, quick
A: very small, rF-, deformed body, speed 1, poison resistance, slow metabolism
1, torment resistance, plant, rot immunity
a: Berserk, Trog's Hand, Renounce Religion


You were on level 2 of the Dungeon.
You worshipped Trog.
Trog was pleased with you.
You were not hungry.

You visited 1 branch of the dungeon, and saw 2 of its levels.

You collected 78 gold pieces.

Inventory:

Weapons
 a - a +0 mace (weapon)
Armour
 b - a +0 animal skin (worn)
Jewellery
 d - an amulet of chaos (around neck)
 k - a cursed ring of dexterity (left hand) {(Curse: *Drain)}
Scrolls
 g - a scroll of fog
 i - a scroll of enchantment
 j - a scroll of teleportation
Potions
 e - a potion of brilliance
 h - a potion of curing
 l - 2 potions of resistance
Comestibles
 c - 6 rations
 f - a chunk of flesh


   Skills:
 + Level 5.2 Fighting
 + Level 5.7 Maces & Staves
 - Level 3.0 Dodging


You had 5 spell levels left.
You didn't know any spells.
Your spell library was empty.

Dungeon Overview and Level Annotations

Branches:
Dungeon (2/8)

Altars:
Kikubaaqudgha


Innate Abilities, Weirdness & Mutations

Your woody flesh burns easily. (rF-)
A tangle of shorter branches protects your body from attack. (+3 SH)
You are very small and have problems with some larger weapons.
You are too small for most types of armour.
Armour fits poorly on your strangely shaped body.
You cover ground quickly.
Your system is resistant to poisons. (rPois)
You have a slow metabolism.
You are immune to unholy pain and torment.
You require very little carbon dioxide to survive.
You are immune to rotting.
You frequently lose your temper in combat.
This godly rage surpasses even clarity. (*Rage)


Message History

The water moccasin is moderately wounded. (20/26) HP You feel yourself speed up.
The water moccasin closely misses you (0).
The water moccasin barely misses you (0).
Okay, then.
You barely miss the water moccasin. You hit the water moccasin (2).
The water moccasin is moderately wounded. (18/26) HP The water moccasin bites you (7)!
* * * LOW HITPOINT WARNING * * *
The water moccasin bites you (10)!
* * * LOW HITPOINT WARNING * * *
You hit the water moccasin (6). You hit the water moccasin (1).
The water moccasin is heavily wounded. (11/26) HP You block the water moccasin's attack.
You barely miss the water moccasin.
You hit the water moccasin but do no damage.
The water moccasin is heavily wounded. (11/26) HP The water moccasin barely misses you (0).
The water moccasin bites you (6).
You die...

##.⌠.#≈⌠.###.≈≈≈≈≈P≈
#≈#≈#≈#.#.##..≈≈≈PPP
#≈.#≈⌠≈#..##.†≈≈≈≈≈.
#.#≈#.#.#≈##.†≈≈≈≈≈.
##.⌠.#.⌠.###≈≈≈≈≈≈≈.
##≈≈...## #≈≈≈≈≈≈≈.
###'''#####≈≈≈≈≈≈≈.
#.....#≈.#S≈≈≈≈≈≈≈≈ ####
##....##≈≈@≈≈≈b≈≈≈≈###≈≈###
##.÷###>.#≈≈≈≈≈≈≈≈##...≈≈#
##...####≈≈≈≈≈≈≈≈#≈......
##≈..≈##≈≈≈b≈≈≈≈#≈...≈..
###..##≈≈≈≈≈...#.≈###≈.
#...#≈≈≈≈..≈≈#≈##≈...
##.≈≈≈≈≈≈.≈≈≈≈.#.....
##.#≈≈≈≈.≈≈≈###≈....
###≈≈≈..≈≈≈........


You could see a water moccasin.

Vanquished Creatures
  A vampire bat (D:2)
  3 jellies (D:2)
  A giant cockroach (D:1)
  3 adders (D:2)
  A gnoll (D:1)
  3 sewer rats (D:2)
  A worm (D:2)
  5 cinder newts
  2 oozes (D:2)
  A dart slug (D:1)
  3 leopard geckos
  A ball python (D:1)
  6 bats (D:1)
  3 goblins (D:1)
  3 hobgoblins (D:1)
  3 kobolds (D:1)
  2 bat skeletons (D:2)
  4 bat zombies (D:2)
  A goblin skeleton (D:2)
  A quokka skeleton (D:2)
  3 rats (D:1)
  2 withered plants (D:2)
53 creatures vanquished.

Vanquished Creatures (others)
  A big kobold (D:2)
  2 sewer rats (D:2)
  A worm (D:2)
  An ooze (D:2)
  A cinder newt skeleton (D:2)
  5 kobolds (D:2)
  A bat skeleton (D:2)
  A rat (D:2)
  3 giant blowflies (D:2)
  180 withered plants (D:2)
196 creatures vanquished.

Grand Total: 249 creatures vanquished

Notes
Turn   | Place    | Note
-------+----------+-------------------------------------------
     0 | D:1      | Kalegnar the Lignifite Berserker began the quest for the
                  | Orb.
     0 | D:1      | Reached XP level 1. HP: 14/14 MP: 2/2
   207 | D:1      | Reached XP level 2. HP: 21/21 MP: 3/3
   267 | D:1      | Reached XP level 3. HP: 26/26 MP: 4/4
   410 | D:1      | Received a gift from Trog
   445 | D:1      | Reached ** piety under Trog
   886 | D:2      | Reached XP level 4. HP: 33/33 MP: 5/5
   918 | D:2      | Reached XP level 5. HP: 31/38 MP: 6/6
   964 | D:2      | Reached skill level 5 in Maces & Staves
  1349 | D:2      | Found an ancient bone altar of Kikubaaqudgha.
  1356 | D:2      | Reached skill level 5 in Fighting
  1448 | D:2      | Reached XP level 6. HP: 45/45 MP: 7/7
  1482 | D:2      | HP: 1/45 [water moccasin (10)]
  1484 | D:2      | Slain by a water moccasin

Levels and vault maps discovered:
D:1:      ebering_hopf_link, layout_basic, first_ration
D:2:      layout_sewer, kennysheep_vampire_church,
          gammafunk_temple_overflow_elements, kennysheep_generic_room_13

Skill      XL: |  1  2  3  4  5 |
---------------+----------------+-----
Dodging        | 3 |  3.0
Maces & Staves | 4 5 |  5.7
Fighting       | 4 5 |  5.2

Action                   |  1- 3 |  4- 6 || total
-------------------------+-------+-------++-------
Melee: Mace              |    68 |    80 ||   148
       Unarmed           |    44 |    63 ||   107
Throw: Stone             |       |     3 ||     3
       Rusty metal       |       |     3 ||     3
       Bone              |       |     1 ||     1
Invok: Berserk           |     4 |     3 ||     7
 Stab: Sleeping          |     1 |       ||     1
  Eat: Chunk             |     2 |     5 ||     7
Armor: Animal skin       |     6 |     4 ||    10
Dodge: Dodged            |    59 |    75 ||   134
Block: Other             |     3 |     5 ||     8
